 Dungeon Crawl Stone Soup version 0.17-a0-1181-gabc46e6 (webtiles) character file.

266 Hanyuu the Insei (level 6, -2/38 HPs)
             Began as an Octopode Transmuter on May 31, 2015.
             Slain by Sigmund
             ... wielding a +0 scythe
              (15 damage)
             ... on level 3 of the Dungeon.
             The game lasted 00:05:58 (3045 turns).

Hanyuu the Insei (Octopode Transmuter)              Turns: 3045, Time: 00:05:58

Health: -2/38      AC:  2    Str: 10    XL:     6   Next: 20%
Magic:  16/18      EV: 19    Int: 17    God:
Gold:   142        SH:  0    Dex: 17    Spells: 3 memorised, 3 levels left

rFire  . . .     SeeInvis .       - Unarmed
rCold  . . .     Clarity  .     (shield currently unavailable)
rNeg   . . .     SustAt   .     (helmet currently unavailable)
rPois  x         Gourm    .     (no amulet)
rElec  .         Spirit   .     p - ring of magical power
rCorr  .         Warding  .     (no ring)
rMut   .         Stasis   .     (no ring)
MR     .....                    (no ring)
Stlth  ++........               (no ring)
                                (no ring)
                                (no ring)
                                (no ring)

@: spider-form, very slightly contaminated, hasted, very quick, not resistant to
hostile enchantments, unstealthy
A: almost no armour, amphibious, 8 rings, (constrict 8), (camouflage 0),
(gelatinous body 0)
a: End Transformation


You were on level 3 of the Dungeon.
You were hungry.
You were a venomous arachnid creature.
You visited 1 branch of the dungeon, and saw 3 of its levels.

You collected 142 gold pieces.

Inventory:

Missiles
 a - 55 arrows
 e - 11 poisoned needles
Jewellery
 p - a ring of magical power (left front leg)
Scrolls
 d - 2 scrolls of remove curse
 f - a scroll of enchant armour {unknown}
 h - a scroll of blinking {unknown}
 m - a scroll of fog {unknown}
 n - a scroll of amnesia {unknown}
 o - 2 scrolls of teleportation {unknown}
Potions
 j - a potion of haste
 l - a potion of brilliance
Books
 b - a book of Changes

   Spells                             Type                      Level
   a - Beastly Appendage              Transmutation                1
   b - Sticks to Snakes               Transmutation                2
   c - Spider Form                    Transmutation/Poison         3
   d - Ice Form                       Ice/Transmutation            4
   e - Blade Hands                    Transmutation                5
Comestibles
 c - a bread ration
 i - 2 meat rations
 k - a beef jerky


   Skills:
 - Level 1.0 Fighting
 - Level 2.0 Dodging
 + Level 5.6 Unarmed Combat
 - Level 2.0 Spellcasting
 - Level 2.0 Transmutations
 - Level 4.1 Poison Magic


You had 3 spell levels left.
You knew the following spells:

 Your Spells              Type           Power        Failure   Level  Hunger
a - Beastly Appendage     Trmt           #.....       24%         1    #......
b - Sticks to Snakes      Trmt           #.........   32%         2    ###....
c - Spider Form           Trmt/Pois      ##........   36%         3    ###....


Dungeon Overview and Level Annotations

Branches:
Dungeon (3/15)

Altars:
Gozag
Kikubaaqudgha

Annotations:
D:3 Sigmund


Innate Abilities, Weirdness & Mutations

You cannot wear most types of armour.
You are amphibious.
You can wear up to eight rings at the same time.
((You can use your tentacles to constrict eight enemies at once.))
((Your skin changes colour to match your surroundings (Stealth).))
((Your rubbery body absorbs attacks (AC +1).))


Message History

You turn into a venomous arachnid creature.
Sigmund shouts!
Found a scroll of identify.
You hit Sigmund.
Sigmund is poisoned.
Sigmund is lightly wounded.
Sigmund hits you with a scythe!
You barely miss Sigmund.
Sigmund is lightly wounded.
You closely miss Sigmund.
Sigmund is lightly wounded.
You hit Sigmund.
Sigmund is moderately wounded.
Sigmund hits you with a scythe!
You are feeling hungry.
You hit Sigmund but do no damage.
Sigmund looks even sicker.
Sigmund is moderately wounded.
You bite Sigmund!
Sigmund is heavily wounded.
Sigmund hits you with a scythe!
You die...

###### ?#.....##
........## .........#
........^..#
...........#
.......=.@.#
.........s.#
...........#
..........###
............#####
#.##..........# #
#..........# #####
.#.##..........##.....#
.
..........####.........
. .#.#####..# #........
.


You could see Sigmund.

Vanquished Creatures
  The ghost of Hanyuu the Insei, an average OpTm (D:3)
  An orc priest (D:3)
  A worker ant (D:3)
  3 gnolls (D:3)
  5 adders
  An ooze (D:2)
  2 worms (D:3)
  3 giant geckos
  5 orcs (D:3)
  10 hobgoblins
  2 jackals (D:3)
  A quokka (D:3)
  6 bats
  3 giant newts
  2 goblins
  7 kobolds
  4 rats
57 creatures vanquished.

Notes
Turn   | Place    | Note
--------------------------------------------------------------
     0 | D:1      | Hanyuu the Octopode Transmuter began the quest for the Orb.
     0 | D:1      | Reached XP level 1. HP: 13/13 MP: 3/3
   220 | D:1      | Reached XP level 2. HP: 6/18 MP: 5/5
   898 | D:2      | Reached skill level 4 in Unarmed Combat
   898 | D:2      | Reached XP level 3. HP: 21/23 MP: 4/6
   905 | D:2      | Learned a level 2 spell: Sticks to Snakes
   918 | D:2      | Learned a level 3 spell: Spider Form
   984 | D:2      | Found an ancient bone altar of Kikubaaqudgha.
  1085 | D:2      | Found an opulent altar of Gozag.
  1451 | D:2      | Reached skill level 1 in Poison Magic
  1947 | D:2      | Reached XP level 4. HP: 19/28 MP: 7/7
  2220 | D:3      | Noticed Hanyuu's ghost (average OpTm)
  2235 | D:3      | Killed Hanyuu's ghost
  2235 | D:3      | Reached skill level 5 in Unarmed Combat
  2235 | D:3      | Reached XP level 5. HP: 4/33 MP: 4/8
  2620 | D:3      | Reached XP level 6. HP: 28/38 MP: 4/9
  2782 | D:3      | Noticed Sigmund
  3045 | D:3      | Slain by Sigmund

Vault maps used:
D:1:      dpeg_arrival_rooms_b
D:2:      kiku_gazebo_garden_becter, nicolae_overflow_crystal_walls
D:3:      yredelemnul_altar_generic, minmay_distorted, uniq_sigmund

Action                   |  1- 3 |  4- 6 || total
-------------------------+-------+-------++-------
Melee: Unarmed           |    78 |    78 ||   156
 Cast: Beastly Appendage |     4 |     1 ||     5
       Spider Form       |       |     6 ||     6
  Use: Scroll            |       |     3 ||     3
       Potion            |       |     1 ||     1
 Stab: Sleeping          |     6 |     2 ||     8
  Eat: Chunk             |     3 |     4 ||     7
